 Dungeon Crawl Stone Soup version 0.22-a0-402-ga933591907 (webtiles) character file.

578346 D1HalberdGnoll the Shatterer (level 27, -3/273 HPs)
             Began as a Hill Orc Monk on May 6, 2018.
             Was a High Priest of Beogh.
             Slain by a quicksilver dragon (6 damage)
             ... on level 4 of the Realm of Zot.
             The game lasted 02:20:20 (84139 turns).

D1HalberdGnoll the Shatterer (Hill Orc Monk)       Turns: 84139, Time: 02:20:22

Health: -3/273     AC: 44    Str: 25    XL:     27
Magic:  0/44       EV: 13    Int: 11    God:    Beogh [*****.]
Gold:   5997       SH:  8    Dex: 16    Spells: 26/26 levels left

rFire    + + +     SeeInvis .   d - +6 sacred scourge (holy)
rCold    + . .     Gourm    .   K - +3 buckler {AC+3}
rNeg     . . .     Faith    .   y - +1 gold dragon scales
rPois    +         Spirit   +   x - +2 helmet
rElec    .         Reflect  .   P - +2 cloak {rPois}
rCorr    .         Harm     .   f - +3 pair of gauntlets of War {Slay+5}
MR       +++..                  Z - +2 pair of boots {run}
Stlth    ..........             k - amulet of the Briny Deep {Spirit Str+2 Slay+5}
HPRegen  0.55/turn              r - ring of protection from magic
MPRegen  0.29/turn              U - ring of protection from fire

@: hasted and slowed, quick
A: walk on water, rugged brown scales 1, fire resistance 1, high mp 1, mutation
resistance 1
}: 3/15 runes: decaying, serpentine, slimy
a: Smiting, Recall Orcish Followers, Give Item to Named Follower, Renounce
Religion


You were on level 4 of the Realm of Zot.
You worshipped Beogh.
Beogh was extremely pleased with you.
You were not hungry.

You visited 11 branches of the dungeon, and saw 54 of its levels.
You visited the Abyss 1 time.
You visited 1 bazaar.
You also visited: Ossuary.

You collected 7523 gold pieces.
You spent 1526 gold pieces at shops.

Inventory:

Hand Weapons
 b - a +2 battleaxe of freezing
 d - a +6 sacred scourge of holy wrath (weapon)
Missiles
 S - 2 throwing nets (quivered)
Armour
 f - the +3 pair of gauntlets of War (worn) {Slay+5}
   (You acquired it on level 1 of the Elven Halls)

   It affects your accuracy and damage with ranged weapons and melee attacks
   (+5).
 x - a +2 helmet (worn)
 y - +1 gold dragon scales (worn)
 F - +0 storm dragon scales
 K - a +3 buckler of protection (worn)
 P - a +2 cloak of poison resistance (worn)
 Z - a +2 pair of boots of running (worn)
Jewellery
 g - an uncursed ring of magical power {unknown}
 k - the amulet of the Briny Deep (around neck) {Spirit Str+2 Slay+5}
   (You found it on level 4 of the Lair of Beasts)

   [amulet of guardian spirit]

   It causes incoming damage to be split between your health and magic.
   It affects your strength (+2).
   It affects your accuracy and damage with ranged weapons and melee attacks
   (+5).
 r - a ring of protection from magic (left hand)
 U - a ring of protection from fire (right hand)
 V - an uncursed ring of protection from cold
Wands
 p - a wand of scattershot (11)
 t - a wand of clouds (2)
 v - a wand of disintegration (7)
 R - a wand of acid (5)
 T - a wand of digging (41)
 W - a wand of paralysis (60)
Scrolls
 a - a scroll of amnesia
 h - a scroll of identify
 j - a scroll of silence
 n - 11 scrolls of magic mapping
 o - a scroll of torment
 u - 10 scrolls of fear
 B - 20 scrolls of remove curse
 D - 14 scrolls of teleportation
 H - a scroll of summoning
 M - 7 scrolls of immolation
 N - 4 scrolls of fog
 X - 2 scrolls of blinking
Potions
 i - 19 potions of curing
 l - 2 potions of magic
 m - 2 potions of might
 q - 2 potions of cancellation
 w - 2 potions of mutation
 z - 7 potions of flight
 A - a potion of brilliance
 L - a potion of resistance
 O - 3 potions of agility
 Q - 2 potions of invisibility
Miscellaneous
 E - a phantom mirror
Comestibles
 c - 44 rations
 C - a chunk of flesh


   Skills:
 + Level 25.1 Fighting
 * Level 26.7 Maces & Flails
 - Level 20.2 Armour
 - Level 12.0 Dodging
 - Level 1.5 Stealth
 - Level 4.0 Shields
 + Level 26.4 Invocations
 - Level 5.0 Evocations


You had 26 spell levels left.
You didn't know any spells.

Dungeon Overview and Level Annotations

Branches:
Dungeon (15/15)            Temple (0/1) D:4            Lair (6/6) D:9
  Swamp (4/4) Lair:2        Snake (4/4) Lair:2        Slime (5/5) Lair:5
    Orc (2/2) D:9             Elf (2/3) Orc:2        Vaults (4/5) D:13
  Crypt (3/3) Vaults:2       Tomb (0/3) Crypt:3      Depths (5/5) D:15
    Zot (4/5) Depths:5

Altars:
Cheibriados
Dithmenos
Elyvilon
Hepliaklqana
Kikubaaqudgha
Nemelex Xobeh
Okawaru
Ru
Uskayaw
Vehumet
Wu Jian
Yredelemnul
Zin
Beogh
Jiyva

Shops:
Orc:1 ?   Orc:2 :[*[   Elf:1 }   Snake:4 %%%?   Vaults:1 %   Vaults:2 (

Portals:
Hell: Depths:1 Depths:2 Depths:3 Depths:4 Depths:5
Abyss: Depths:4
Pandemonium: Depths:1 Depths:3
Ziggurat: Depths:2

Annotations:
D:2 exclusion: downstairs
Crypt:3 exclusion: 2 doors
Depths:1 exclusions: door and downstairs


Innate Abilities, Weirdness & Mutations

You can walk on water.
You are partially covered in rugged brown scales. (AC +1, +3% HP)
Your flesh is heat resistant. (rF+)
You have an increased reservoir of magic. (+10% MP)
You are somewhat resistant to further mutation.


Message History

* * * LOW HITPOINT WARNING * * *
The death cob barely misses you. The death drake bites you.
* * * LOW HITPOINT WARNING * * *
The tentacled monstrosity tentacle-slaps you but does no damage. x3
The tentacled monstrosity constricts you.
Okay, then.
Your blink will be uncontrolled - continue anyway?
The Orb prevents control of your translocation!
You escape the tentacled monstrosity's grasp.
You blink.
As you read the scroll of blinking, it crumbles to dust.
You feel better.
The komodo dragon disappears in a puff of smoke!
You feel yourself speed up.
The death cob hits you but does no damage.
You block the death cob's attack. The death cob hits you!
* * * LOW HITPOINT WARNING * * *
The death cob drains your vigour!
You feel yourself slow down. The quicksilver dragon bites you.
You die...

...########...........#####......
......................########...
.⌠...........................'...
......................########...
......................##.........
#######...............##.........
#**#..................§........†#
..(..............D.§§§§§.........
................@z..k§§§.........
...................X§d§§....(....
..........#........§§d§..........
####......#(.........#d...#......
***#......#####....###kql.#......
,,**,,,,,,****#....###....#.#....
,,**,,,,,,,,,,.......#....#+###'#
,,**,,,,,,,,,,...............##.#
****,,,,,,,,,,...............'..#


You could see a tentacled monstrosity, a white draconian, a death cob, a
quicksilver dragon and a death drake.

Vanquished Creatures
  the Royal Jelly (Slime:5)
  Mennas (Depths:3)
  Sojobo (Crypt:1)
  Saint Roka (Vaults:4)
  the Lernaean hydra (Swamp:3)
  9 caustic shrikes
  Margery (Vaults:4)
  Xtahua (Depths:4)
  3 golden dragons
  An electric golem (Zot:2)
  Jory (Crypt:1)
  A bone dragon (Crypt:3)
  Rupert (Lair:3)
  12 tentacled monstrosities
  A quicksilver dragon (Zot:1)
  2 liches (Crypt:3)
  20 acid blobs
  3 ancient champions (Crypt:1)
  4 sphinxes
  3 tentacled starspawn (Abyss:3)
  6 death cobs
  7 draconian monks
  4 tengu reavers
  Donald (Elf:2)
  8 storm dragons
  A shadow dragon (Depths:5)
  Roxanne (Elf:1)
  3 daevas (Depths:3)
  5 azure jellies
  2 nagarajas (Snake:4)
  3 deep elf sorcerers
  8 fire giants
  4 draconian knights
  4 frost giants
  3 draconian scorchers
  A ghost moth (shapeshifter) (Depths:3)
  5 draconian shifters
  An emperor scorpion (D:15)
  A curse skull (Crypt:2)
  A deep elf elementalist (Depths:2)
  4 draconian annihilators
  3 angels (Depths:3)
  5 vault wardens
  6 ghouls (Crypt:1)
  3 spriggan defenders
  3 draconian stormcallers
  11 very ugly things
  3 war gargoyles (Crypt:3)
  12 ironheart preservers
  14 stone giants
  6 green draconians
  A caustic shrike skeleton (Crypt:2)
  An entropy weaver (Depths:2)
  6 vampire knights
  7 red draconians
  7 yellow draconians
  12 black draconians
  Azrael (D:13)
  A deep elf demonologist (Elf:1)
  3 deep elf annihilators
  7 purple draconians
  5 spark wasps
  10 white draconians
  10 ettins
  6 deep elf death magi
  3 eidola (Crypt:2)
  3 crystal guardians (Crypt:3)
  4 quicksilver dragon zombies
  4 death oozes
  10 fire dragons
  2 deep elf high priests (Depths:2)
  12 great orbs of eyes
  6 jiangshi
  6 yaktaur captains
  Erolcha (D:13)
  2 quicksilver dragon skeletons
  7 naga warriors
  23 hydras
  5 rakshasas
  7 vault guards
  9 ice dragons
  A hell beast (Depths:3)
  5 spriggan air magi
  A ghost crab (Swamp:1)
  32 two-headed ogres
  12 ogre magi
  7 alligators
  A catoblepas (Lair:3)
  5 death knights
  9 anacondas
  7 centaur warriors
  4 deep troll shamans
  25 dancing weapons
  3 death yaks (Lair:6)
  3 hell hogs (Depths:1)
  7 tengu warriors
  7 deep troll earth magi
  A shock serpent (shapeshifter) (D:13)
  7 naga sharpshooters
  3 shock serpents
  A thrashing horror (Abyss:3)
  2 vampire magi
  Sonja (D:13)
  3 spriggan berserkers
  A soul eater (Depths:3)
  A titan zombie (Crypt:3)
  A sun demon (Depths:3)
  11 hell knights
  19 deep elf knights
  2 shadow wraiths
  2 titan skeletons
  3 iron trolls
  36 skeletal warriors
  3 wretched stars (Abyss:3)
  6 cherubim (Depths:3)
  A sixfirhy (Abyss:3)
  2 unseen horrors
  A salamander mystic (Snake:2)
  3 shambling mangroves
  A glowing orange brain (shapeshifter) (Depths:2)
  An unseen horror (shapeshifter) (Vaults:2)
  A golden dragon zombie (Crypt:3)
  6 flayed ghosts
  2 anaconda skeletons
  8 wizards
  10 swamp dragons
  23 deep trolls
  A harpy (shapeshifter) (Vaults:1)
  6 glowing orange brains
  5 naga ritualists
  12 necromancers
  A lindwurm (D:13)
  7 ironbrand convokers
  7 deep elf archers
  5 orc knights
  3 wolf spiders
  2 orc sorcerers
  7 phantasmal warriors
  2 orb spiders (shapeshifter) (Depths:1)
  A salamander (shapeshifter) (Depths:1)
  A shining eye (shapeshifter) (Depths:3)
  4 cyclopes (Vaults:1)
  47 deep elf magi
  3 mana vipers
  An iron dragon zombie (Depths:1)
  A stone giant zombie (Vaults:2)
  33 ugly things
  5 manticores
  8 salamanders
  3 shining eyes
  9 vault sentinels
  3 large abominations (Abyss:3)
  A guardian serpent (shapeshifter) (Vaults:4)
  4 centaur zombies
  2 frost giant skeletons (Crypt:3)
  A dire elephant zombie (Crypt:1)
  21 moths of wrath
  3 guardian serpents
  Maurice (D:13)
  26 black mambas
  A dire elephant skeleton (Crypt:1)
  Psyche (D:10)
  2 centaur skeletons
  A spriggan skeleton (Depths:1)
  5 eyes of devastation
  7 naga magi
  3 gargoyles
  10 spiny frogs
  4 orange demons (D:13)
  An ice devil (Depths:3)
  2 kobold demonologists (D:14)
  A rime drake (Lair:3)
  An efreet (D:15)
  3 komodo dragons
  36 yaktaurs
  7 freezing wraiths
  A minotaur skeleton (Crypt:1)
  An ancient zyme (Abyss:3)
  2 komodo dragons (shapeshifter)
  2 yaktaurs (shapeshifter)
  A yaktaur skeleton (Vaults:2)
  3 tengu conjurers
  A queen bee (Lair:1)
  3 trolls
  6 tyrant leeches
  2 hydra zombies
  A polar bear (Lair:6)
  A red draconian skeleton (Crypt:2)
  A wind drake (shapeshifter) (Depths:1)
  2 ettin zombies
  20 hornets
  16 blink frogs
  A dream sheep (shapeshifter) (Depths:1)
  A spriggan zombie (Depths:1)
  5 hippogriffs
  12 bog bodies
  108 slime creatures
  3 dream sheep
  A blink frog (shapeshifter) (Depths:4)
  A fire dragon skeleton (Crypt:2)
  2 frost giant simulacra
  31 flying skulls (Crypt:3)
  2 redbacks (shapeshifter)
  18 spriggans
  4 shadows
  A vampire (D:14)
  A ynoxinul (Depths:3)
  An ice dragon skeleton (Crypt:3)
  17 wraiths
  2 wyverns
  2 spriggans (shapeshifter)
  A basilisk (Lair:5)
  2 fire bats (Abyss:3)
  3 water elementals (Depths:1)
  18 yaks
  3 hungry ghosts
  3 fire elementals (D:13)
  9 golden eyes
  A golden eye (shapeshifter) (Depths:1)
  7 vampire mosquitoes
  2 soldier ants
  An acid dragon (Vaults:2)
  11 swamp worms
  3 wargs
  3 insubstantial wisps (Swamp:2)
  40 nagas
  4 water moccasins
  9 hell hounds
  4 small abominations (Abyss:3)
  3 floating eyes
  7 porcupines
  11 swamp drakes
  An infernal demonspawn skeleton (Crypt:2)
  4 ice beasts
  10 orc warriors
  A hornet zombie (D:14)
  The ghost of loom the Skirmisher, an amateur DrFi (D:3)
  7 eyes of draining
  7 sky beasts
  2 black bears (Lair:6)
  5 necrophages
  18 centaurs
  30 ogres
  15 boggarts
  11 wolves
  2 big kobolds
  A komodo dragon zombie (Crypt:1)
  3 bullfrogs
  4 crocodiles
  2 earth elementals (Elf:2)
  2 elf skeletons
  A water moccasin zombie (D:6)
  A hornet simulacrum (D:14)
  12 scorpions
  2 water moccasin skeletons
  10 killer bees (Lair:1)
  A troll skeleton (Abyss:3)
  5 wights (D:7)
  A wolf zombie (Crypt:1)
  3 electric eels (D:10)
  3 howler monkeys
  3 lava snakes (Lair:5)
  5 crimson imps
  7 starcursed masses (Abyss:3)
  A quasit (Abyss:3)
  2 hounds
  A human simulacrum (Vaults:2)
  3 orc priests
  4 jellies
  2 human zombies
  9 orc wizards
  2 iguanas
  Terence (D:2)
  4 bullfrog skeletons
  2 human skeletons
  17 worker ants
  2 hell rats (Lair:3)
  A killer bee zombie (D:10)
  A demigod zombie (Crypt:1)
  An ogre zombie (Crypt:3)
  8 mummies (Ossuary)
  10 gnolls
  2 worker ant zombies
  8 adders
  4 shadow imps
  An ooze (D:4)
  An adder zombie (D:8)
  A lava snake skeleton (Crypt:1)
  An adder skeleton (D:8)
  2 worms
  A dart slug (D:2)
  3 leopard geckos
  24 orcs
  6 bats
  A bat zombie (Crypt:2)
  6 giant cockroaches
  3 gnoll zombies (Ossuary)
  5 goblins
  6 hobgoblins
  20 jackals
  7 kobolds
  5 quokkas
  2 ball pythons
  6 frilled lizards
  A giant cockroach zombie (D:5)
  2 hobgoblin zombies (Ossuary)
  A jackal skeleton (D:4)
  2 jackal zombies
  A leopard gecko zombie (D:7)
  2 orc skeletons (D:7)
  6 orc zombies
  A quokka skeleton (D:4)
  2 quokka zombies (D:7)
  5 rats
  A starspawn tentacle (Abyss:3)
1811 creatures vanquished.

Vanquished Creatures (collateral kills)
  An ancient lich (Crypt:3)
  2 caustic shrikes (Depths:1)
  A titan (Depths:2)
  8 acid blobs (Slime:5)
  A sphinx (Depths:2)
  A shadow dragon (Zot:3)
  A draconian monk (Zot:3)
  6 azure jellies (Slime:5)
  6 nagarajas (Snake:4)
  2 fire giants
  An iron dragon (Depths:1)
  A vault warden (Vaults:2)
  A frost giant (Vaults:4)
  A draconian shifter (Zot:2)
  4 ironheart preservers
  7 very ugly things
  An entropy weaver (Depths:1)
  A green draconian (Zot:2)
  A war gargoyle (Crypt:3)
  A vampire knight (Crypt:3)
  A deep elf demonologist (Vaults:2)
  3 stone giants
  Nessos (D:15)
  A red draconian (Zot:3)
  A spark wasp (Depths:3)
  A yellow draconian (Zot:3)
  5 yaktaur captains
  4 fire dragons
  An ettin (Depths:4)
  Josephine (D:13)
  4 death oozes (Slime:5)
  4 great orbs of eyes
  2 hydras
  2 vault guards (Vaults:2)
  4 ice dragons
  2 naga warriors (Snake:4)
  3 rakshasas
  2 spriggan air magi
  A catoblepas (Lair:6)
  3 centaur warriors
  An anaconda (Snake:4)
  3 alligators (Swamp:1)
  3 death knights
  3 two-headed ogres
  3 death yaks (Lair:6)
  A deep troll shaman (Depths:1)
  3 deep troll earth magi
  3 ogre magi
  An orc high priest (Orc:1)
  5 naga sharpshooters (Snake:4)
  A hell knight (Vaults:4)
  A deep elf knight (Vaults:2)
  2 deep trolls
  A salamander mystic (Snake:4)
  A wizard (Depths:1)
  2 flayed ghosts
  A glowing orange brain (Vaults:2)
  2 naga ritualists (Snake:4)
  A deep elf archer (Vaults:1)
  3 orc knights
  2 ironbrand convokers
  2 necromancers
  An orc sorcerer (Orc:1)
  A tengu skeleton (Vaults:4)
  A wolf spider zombie (D:15)
  An orb spider (shapeshifter) (Depths:4)
  9 ugly things
  A moth of wrath (Zot:3)
  8 elephants
  A salamander (shapeshifter) (Depths:4)
  7 black mambas
  A guardian serpent (Snake:4)
  3 vault sentinels
  2 naga magi (Snake:4)
  6 spiny frogs
  2 torpor snails
  A komodo dragon (shapeshifter) (Depths:2)
  A rime drake (Lair:3)
  6 yaktaurs
  2 freezing wraiths
  5 komodo dragons
  4 polar bears (Lair:6)
  A troll (shapeshifter) (Vaults:4)
  3 trolls
  6 hornets
  5 blink frogs
  24 slime creatures
  A dream sheep (shapeshifter) (Depths:1)
  3 dream sheep
  3 flying skulls (Crypt:3)
  6 hippogriffs
  8 spriggans
  2 vampires
  23 yaks
  A basilisk (Lair:2)
  2 wyverns
  4 vampire mosquitoes
  A swamp worm (Lair:2)
  3 wargs
  A human simulacrum (Vaults:2)
  28 nagas
  A hell hound (Depths:1)
  A swamp worm (shapeshifter) (Vaults:2)
  2 water moccasins
  7 porcupines
  A floating eye (shapeshifter) (Depths:1)
  2 black bears
  A sky beast (D:13)
  6 orc warriors
  11 wolves
  7 ogres
  8 crocodiles
  7 centaurs
  An elf zombie (D:7)
  A big kobold (D:12)
  6 bullfrogs
  A gnoll sergeant (D:10)
  A glowing shapeshifter simulacrum (Vaults:4)
  A scorpion (D:8)
  13 killer bees
  A howler monkey (D:11)
  A bullfrog zombie (D:11)
  3 orc priests
  3 orc wizards
  A human skeleton (D:7)
  A worker ant (D:8)
  5 hell rats (Lair:3)
  A worker ant zombie (D:10)
  3 gnolls (D:10)
  10 orcs
  An orc skeleton (D:7)
  6 fungi
  3 plants
444 creatures vanquished.

Vanquished Creatures (others)
  5 orc warlords
  A draconian knight (Zot:2)
  A white draconian (Zot:1)
  A spriggan air mage (Depths:5)
  4 orc high priests
  A vampire mage (Depths:2)
  A deep elf knight (Elf:1)
  A spriggan druid (Swamp:4)
  A deep troll (Depths:2)
  3 orc sorcerers
  3 deep elf magi
  22 orc knights
  A mana viper (Snake:4)
  A black mamba (Snake:4)
  A spiny frog (Swamp:2)
  A hornet (Depths:5)
  A bog body (Swamp:4)
  A spriggan (Depths:5)
  A shadow (Crypt:1)
  41 orc warriors
  2 swamp drakes (Swamp:4)
  A small abomination (Abyss:3)
  A centaur (Orc:2)
  A hound (D:4)
  A jelly (D:13)
  28 orc priests
  18 orc wizards
  80 orcs
  10 fungi
  12 plants
  19 starspawn tentacles (Abyss:3)
265 creatures vanquished.

Grand Total: 2520 creatures vanquished

Notes
Turn   | Place    | Note
-------+----------+-------------------------------------------
     0 | D:1      | D1HalberdGnoll the Hill Orc Monk began the quest for the Orb.
     0 | D:1      | Reached XP level 1. HP: 19/19 MP: 1/1
   190 | D:1      | Reached XP level 2. HP: 21/27 MP: 2/2
   664 | D:1      | Reached skill level 1 in Armour
   804 | D:1      | Reached XP level 3. HP: 28/33 MP: 3/3
  1044 | D:2      | Found a shadowy altar of Dithmenos.
  1292 | D:2      | Noticed Terence
  1312 | D:2      | Reached XP level 4. HP: 29/40 MP: 4/4
  1338 | D:2      | Killed Terence
  1343 | D:2      | Reached XP level 5. HP: 28/47 MP: 5/5
  1868 | D:3      | Noticed loom's ghost (amateur DrFi)
  1878 | D:3      | Killed loom's ghost
  1878 | D:3      | Reached skill level 5 in Maces & Flails
  1878 | D:3      | Reached XP level 6. HP: 53/53 MP: 6/6
  2419 | D:3      | Reached skill level 5 in Fighting
  3304 | D:4      | Found a staircase to the Ecumenical Temple.
  3367 | D:4      | Reached XP level 7. HP: 56/61 MP: 7/7
  3551 | D:4      | Found a basalt altar of Yredelemnul.
  3761 | D:4      | Became a worshipper of Beogh the Brigand
  3761 | D:4      | Reached * piety under Beogh
  3761 | D:4      | Reached ** piety under Beogh
  4003 | D:5      | Entered Level 5 of the Dungeon
  4044 | D:5      | Found an iron altar of Okawaru.
  4143 | D:5      | Reached skill level 1 in Invocations
  4310 | D:5      | Found an iron altar of Okawaru.
  5274 | D:6      | Reached XP level 8. HP: 70/70 MP: 9/9
  5342 | D:6      | Noticed a two-headed ogre
  5357 | D:6      | Killed a two-headed ogre
  5363 | D:6      | Reached skill level 5 in Armour
  5363 | D:6      | Reached XP level 9. HP: 21/78 MP: 10/12
  6021 | D:6      | Found a radiant altar of Vehumet.
  6491 | D:7      | Reached skill level 5 in Invocations
  6497 | D:7      | Reached *** piety under Beogh
  6502 | D:7      | Reached skill level 5 in Dodging
  7030 | D:7      | Found the +6 Majin-Bo {vamp, Archmagi MP+6 Int+6}
  7174 | D:7      | Found a sand-covered staircase.
  7185 | Ossuary  | Entered an ossuary
  8115 | D:8      | Reached XP level 10. HP: 60/88 MP: 14/14
  8125 | D:8      | Reached **** piety under Beogh
  8244 | D:8      | Gained Thorok as an ally
  8804 | D:8      | Reached skill level 10 in Maces & Flails
  8815 | D:8      | Found a hazy altar of Hepliaklqana.
  9368 | D:9      | Found a staircase to the Lair.
  9387 | D:9      | Found a sacrificial altar of Ru.
  9442 | D:9      | Found a white marble altar of Elyvilon.
  9471 | D:9      | Found a roughly hewn altar of Beogh.
  9473 | D:9      | Found a staircase to the Orcish Mines.
  9603 | D:9      | Found a hide-covered altar of Uskayaw.
  9734 | D:9      | Found an ornate altar of the Wu Jian Council.
  9864 | Lair:1   | Entered Level 1 of the Lair of Beasts
 10555 | Lair:1   | Your ally Thorok died
 10789 | Lair:1   | Noticed a spiny frog
 10795 | Lair:1   | Killed a spiny frog
 10795 | Lair:1   | Reached XP level 11. HP: 42/97 MP: 16/16
 11674 | Lair:2   | Gained Dorog as an ally
 12178 | Lair:2   | Found a staircase to the Swamp.
 12186 | Lair:2   | Gained Gorbash as an ally
 12438 | Lair:2   | Found a staircase to the Snake Pit.
 12508 | Lair:2   | Reached skill level 10 in Fighting
 12752 | Lair:3   | Noticed a catoblepas
 12762 | Lair:3   | Killed a catoblepas
 12800 | Lair:3   | Reached XP level 12. HP: 26/106 MP: 18/18
 13069 | Lair:3   | Reached ***** piety under Beogh
 13148 | Lair:3   | Noticed Rupert
 13149 | Lair:3   | Paralysed by Rupert for 2 turns
 13160 | Lair:3   | Killed Rupert
 13798 | Lair:4   | Found a glowing silver altar of Zin.
 13958 | Lair:4   | Reached skill level 10 in Invocations
 14229 | Lair:4   | Noticed a seven-headed hydra
 14241 | Lair:4   | Killed a seven-headed hydra
 14383 | Lair:4   | Got a scorched plate armour
 14394 | Lair:4   | Identified the +16 plate armour of the Albatross {+Blink rN++ Dex-3 SInv} (You found it on level 4 of the Lair of Beasts)
 14754 | Lair:4   | Got a smoking silver amulet
 15060 | Lair:5   | Identified the amulet of the Briny Deep {Spirit Str+2 Slay+5} (You found it on level 4 of the Lair of Beasts)
 15478 | Lair:5   | Reached skill level 1 in Evocations
 15677 | Lair:5   | Reached XP level 13. HP: 71/116 MP: 16/20
 15877 | Lair:5   | Found a viscous altar of Jiyva.
 15878 | Lair:5   | Found a staircase to the Slime Pits.
 16219 | Lair:6   | Entered Level 6 of the Lair of Beasts
 16415 | Lair:6   | Reached skill level 10 in Armour
 16814 | Lair:6   | Reached skill level 1 in Shields
 16819 | Lair:6   | Gained Wargrak as an ally
 18067 | D:10     | Entered Level 10 of the Dungeon
 18267 | D:10     | Noticed Psyche
 18271 | D:10     | Killed Psyche
 18520 | D:10     | Reached XP level 14. HP: 126/126 MP: 22/22
 18741 | D:10     | Got a crystal war axe
 18742 | D:10     | Identified the +8 war axe of Nirr {vamp, Fragile rElec MR+ Dex+6} (You found it on level 10 of the Dungeon)
 18898 | D:11     | Reached ****** piety under Beogh
 18900 | D:11     | Found a sparkling altar of Nemelex Xobeh.
 19688 | D:12     | Reached skill level 15 in Maces & Flails
 19724 | D:13     | Noticed Josephine
 19732 | D:13     | Killed Josephine
 19771 | D:13     | Noticed Erolcha
 19778 | D:13     | Killed Erolcha
 19778 | D:13     | Reached skill level 5 in Evocations
 19850 | D:13     | Noticed Azrael
 19872 | D:13     | Killed Azrael
 20129 | D:13     | Noticed Maurice
 20153 | D:13     | Killed Maurice
 20449 | D:13     | Found a gate to the Vaults.
 20632 | D:13     | Noticed Sonja
 20638 | D:13     | Killed Sonja
 21365 | D:14     | Your ally Dorog died
 21806 | D:15     | Entered Level 15 of the Dungeon
 21844 | D:15     | Found a labyrinth entrance.
 22285 | D:15     | Reached XP level 15. HP: 112/135 MP: 19/24
 23089 | D:15     | Found a staircase to the Depths.
 23100 | D:15     | Noticed an emperor scorpion
 23170 | D:15     | Killed an emperor scorpion
 23234 | D:15     | Noticed Nessos
 23246 | D:15     | Gained Borgoth as an ally
 23257 | D:15     | Killed Nessos
 23875 | Swamp:1  | Entered Level 1 of the Swamp
 23970 | Swamp:1  | Gained Judas as an ally
 23995 | Swamp:1  | Your ally Judas died
 24456 | Swamp:1  | Gained Zorug as an ally
 24490 | Swamp:1  | Your ally Zorug died
 24514 | Swamp:1  | Gained Rocco as an ally
 24955 | Swamp:2  | Noticed a tentacled monstrosity
 24975 | Swamp:1  | Killed a tentacled monstrosity
 25091 | Swamp:2  | Noticed a tentacled monstrosity
 25103 | Swamp:2  | Killed a tentacled monstrosity
 25511 | Swamp:2  | Reached XP level 16. HP: 132/146 MP: 23/26
 26999 | Swamp:4  | Entered Level 4 of the Swamp
 27145 | Swamp:4  | Gained Urtork as an ally
 27151 | Swamp:4  | Your ally Urtork died
 28790 | Swamp:4  | Noticed the 27-headed Lernaean hydra
 28792 | Swamp:4  | Reached skill level 15 in Invocations
 28800 | Swamp:4  | HP: 6/147 [eight-headed hydra (2)]
 29234 | Swamp:3  | Killed the 27-headed Lernaean hydra
 29729 | Swamp:4  | Reached skill level 15 in Fighting
 29775 | Swamp:4  | Got a decaying rune of Zot
 30151 | Snake:1  | Entered Level 1 of the Snake Pit
 30856 | Snake:1  | Reached XP level 17. HP: 155/156 MP: 28/28
 31221 | Snake:1  | Found an ancient bone altar of Kikubaaqudgha.
 32979 | Snake:2  | Found a sparkling altar of Nemelex Xobeh.
 34216 | Snake:4  | Entered Level 4 of the Snake Pit
 34726 | Snake:4  | Your ally Rocco died
 34820 | Snake:4  | Found Waeqih's Magic Scroll Shop.
 34933 | Snake:4  | Bought a scroll of identify for 32 gold pieces
 34933 | Snake:4  | Bought a scroll of identify for 32 gold pieces
 35384 | Snake:4  | Gained Ogrik as an ally
 35486 | Snake:4  | Found Guobruit's Food Emporium.
 35495 | Snake:4  | Found Mutza's Food Boutique.
 35504 | Snake:4  | Found Saako's Food Emporium.
 35829 | Snake:4  | Your ally Borgoth died
 36331 | Snake:4  | Reached XP level 18. HP: 135/166 MP: 28/30
 36681 | Snake:4  | Got a serpentine rune of Zot
 37030 | Depths:1 | Entered Level 1 of the Depths
 37193 | Orc:1    | Entered Level 1 of the Orcish Mines
 37562 | Orc:1    | Found Woideofa's Magic Scroll Shoppe.
 37834 | Orc:1    | Found a roughly hewn altar of Beogh.
 37920 | Orc:2    | Entered Level 2 of the Orcish Mines
 38002 | Orc:2    | Found Gautir's Armour Boutique.
 38002 | Orc:2    | Found Puewigog's General Store.
 38002 | Orc:2    | Found Nosavo's Antique Armour Shoppe.
 38011 | Orc:2    | Found Ofeb's Book Shop.
 38186 | Orc:2    | Gained Herok as an ally
 38270 | Orc:2    | Bought a +0 pair of gloves of dexterity for 172 gold pieces
 38390 | Orc:2    | Found a staircase to the Elven Halls.
 38726 | Depths:1 | Gained Harm as an ally
 39079 | Depths:1 | Your ally Harm died
 40099 | Depths:1 | Reached skill level 15 in Armour
 40479 | Depths:1 | Found a one-way gate leading to the halls of Pandemonium.
 40581 | Depths:1 | Found a gateway to Hell.
 41625 | Depths:2 | Noticed a caustic shrike
 42013 | Depths:2 | Noticed a caustic shrike
 42031 | Depths:1 | Your ally Gorbash died
 42031 | Depths:1 | Your ally Ogrik died
 42043 | Depths:1 | Your ally Herok died
 42043 | Depths:1 | Killed a caustic shrike
 42474 | Depths:1 | Killed a caustic shrike
 43552 | Depths:1 | Reached XP level 19. HP: 174/177 MP: 31/31
 43722 | Depths:2 | Noticed a tentacled monstrosity
 43735 | Depths:2 | Killed a tentacled monstrosity
 43759 | Depths:2 | Your ally Gorbash died
 43771 | Depths:2 | HP: 4/177 [ice dragon/blast of cold (45)]
 43792 | Depths:2 | Your ally Wargrak died
 44720 | Depths:2 | Noticed a tentacled monstrosity
 44753 | Depths:1 | Killed a tentacled monstrosity
 46017 | Depths:2 | Found a gateway to a ziggurat.
 46503 | Vaults:1 | Entered Level 1 of the Vaults
 46921 | Vaults:1 | HP: 4/177 [acid[an ironheart preserver] (5)]
 48251 | Vaults:1 | Reached XP level 20. HP: 171/187 MP: 33/33
 48859 | Vaults:1 | Found Eskoheme's Food Shop.
 49295 | Vaults:1 | Identified a +1 pair of boots of running (You found it on level 1 of the Vaults)
 49577 | Vaults:2 | Cast into level 3 of the Abyss (vault warden)
 50168 | Vaults:2 | Escaped the Abyss
 50939 | Vaults:2 | Found a staircase to the Crypt.
 51557 | Vaults:2 | Found Zujol's Weapon Boutique.
 52581 | Vaults:2 | Reached XP level 21. HP: 174/195 MP: 31/34
 55095 | Vaults:4 | Noticed Saint Roka
 55142 | Vaults:4 | Killed Saint Roka
 55665 | Vaults:4 | Noticed Margery
 55687 | Vaults:4 | Killed Margery
 55973 | Vaults:4 | Gained Zorug as an ally
 55988 | Vaults:4 | Gained Bogwik as an ally
 56306 | Vaults:4 | Gained Okrist as an ally
 56312 | Vaults:4 | Gained Jorge as an ally
 56337 | Vaults:4 | Gained Olfrun as an ally
 57087 | Depths:3 | Reached XP level 22. HP: 185/206 MP: 32/36
 57092 | Depths:3 | Noticed a caustic shrike
 57933 | Depths:3 | Gained Warbeogh as an ally
 58673 | Depths:3 | Your ally Warbeogh died
 59215 | Depths:3 | Noticed Mennas
 59273 | Depths:3 | Killed Mennas
 59274 | Depths:3 | Found a glowing silver altar of Zin.
 60126 | Depths:3 | Your ally Okrist died
 60135 | Depths:3 | Your ally Jorge died
 60136 | Depths:3 | Killed a caustic shrike
 60838 | Depths:4 | Noticed Xtahua
 60841 | Depths:4 | Killed Xtahua
 60971 | Depths:4 | Found a one-way gate to the infinite horrors of the Abyss.
 60984 | Depths:4 | Reached XP level 23. HP: 128/217 MP: 34/37
 61979 | Depths:5 | Entered Level 5 of the Depths
 62517 | Depths:5 | Noticed a caustic shrike
 62518 | Depths:5 | Noticed a caustic shrike
 62519 | Depths:5 | Noticed a caustic shrike
 62522 | Depths:5 | Killed a caustic shrike
 62533 | Depths:5 | Killed a caustic shrike
 62541 | Depths:5 | Killed a caustic shrike
 63018 | Depths:5 | Found a gate to the Realm of Zot.
 63018 | Depths:5 | Noticed a golden dragon
 63081 | Depths:5 | Killed a golden dragon
 64055 | Depths:5 | Noticed a caustic shrike
 64056 | Depths:5 | Noticed a caustic shrike
 64068 | Depths:5 | Killed a caustic shrike
 64087 | Depths:5 | Noticed a caustic shrike
 64097 | Depths:5 | Killed a caustic shrike
 64110 | Depths:5 | Killed a caustic shrike
 64114 | Depths:5 | Noticed a caustic shrike
 64115 | Depths:5 | Noticed a caustic shrike
 64127 | Depths:5 | Killed a caustic shrike
 64146 | Depths:5 | Killed a caustic shrike
 64496 | Depths:5 | Found a snail-covered altar of Cheibriados.
 64922 | Depths:5 | Found a gateway to a bazaar.
 64931 | Bazaar   | Entered a bazaar
 64934 | Bazaar   | Found Ocezad's Food Shop.
 64962 | Bazaar   | Found Vaodoqit's Weapon Boutique.
 64989 | Bazaar   | Found Qoedd's Gadget Shop.
 64989 | Bazaar   | Found Enaottad's Magic Scroll Boutique.
 64994 | Bazaar   | Bought a wand of clouds (5) for 270 gold pieces
 64994 | Bazaar   | Bought a box of beasts for 200 gold pieces
 64994 | Bazaar   | Bought a phantom mirror for 300 gold pieces
 65001 | Bazaar   | Bought a scroll of acquirement for 520 gold pieces
 65532 | Elf:1    | Entered Level 1 of the Elven Halls
 65862 | Elf:1    | Identified Daf Emam's Volume of Mezcal
 66143 | Elf:1    | Found Otomm's Gadget Boutique.
 66179 | Elf:1    | Noticed Roxanne
 66207 | Elf:1    | Killed Roxanne
 66225 | Elf:1    | Found the +3 pair of gauntlets of War {Slay+5}
 66320 | Elf:1    | Reached XP level 24. HP: 198/231 MP: 34/38
 66874 | Elf:2    | Found a huge runed gate.
 66874 | Elf:2    | Found a huge runed gate.
 66874 | Elf:2    | Found a huge runed gate.
 66874 | Elf:2    | Found a huge runed gate.
 66880 | Elf:2    | Found a huge runed gate.
 67000 | Elf:2    | Noticed Donald
 67017 | Elf:2    | Killed Donald
 68280 | Crypt:1  | Entered Level 1 of the Crypt
 68543 | Crypt:1  | Noticed Jory
 68569 | Crypt:1  | Killed Jory
 68871 | Crypt:1  | Noticed Sojobo
 69211 | Crypt:1  | Killed Sojobo
 70435 | Crypt:3  | Entered Level 3 of the Crypt
 70570 | Crypt:3  | Gained Hawl as an ally
 70669 | Crypt:3  | Reached XP level 25. HP: 238/240 MP: 34/39
 70716 | Crypt:3  | Reached skill level 10 in Dodging
 71012 | Crypt:3  | Found a basalt altar of Yredelemnul.
 71012 | Crypt:3  | Noticed an ancient lich
 71016 | Crypt:3  | Killed an ancient lich
 71470 | Crypt:3  | Found a staircase to the Tomb.
 72424 | Slime:1  | Entered Level 1 of the Pits of Slime
 73817 | Slime:4  | Gained Ugrim as an ally
 73828 | Slime:4  | Your ally Ugrim died
 73832 | Slime:4  | Gained Judas as an ally
 73838 | Slime:4  | Your ally Judas died
 74391 | Slime:5  | Entered Level 5 of the Pits of Slime
 75436 | Slime:5  | Gained mutation: Scrolls take you a little longer to read. [a shining eye]
 75438 | Slime:5  | Gained mutation: Potions are less effective at restoring your health. [a shining eye]
 75471 | Slime:5  | Lost mutation: Scrolls take you a little longer to read. [potion of mutation]
 75471 | Slime:5  | Gained mutation: Your magical capacity is low. (-10% MP) [potion of mutation]
 75471 | Slime:5  | Gained mutation: Your flesh is heat resistant. (rF+) [potion of mutation]
 75471 | Slime:5  | Gained mutation: You are partially covered in rugged brown scales. (AC +1, +3% HP) [potion of mutation]
 75538 | Slime:5  | Noticed the Royal Jelly
 75561 | Slime:5  | Killed the Royal Jelly
 76119 | Slime:5  | Reached XP level 26. HP: 192/261 MP: 35/35
 76141 | Slime:5  | Your ally Hawl died
 76220 | Slime:5  | Your ally Olfrun died
 76228 | Slime:5  | Your ally Zorug died
 76659 | Slime:5  | Your ally Bogwik died
 76843 | Slime:5  | Identified the Volume of the Enchanting Mountains
 76903 | Slime:5  | Got a sparkling jade ring
 76910 | Slime:5  | Got a slimy rune of Zot
 77135 | Slime:5  | Identified the ring of Pukygo Mown {Wiz +Blink rN+} (You found it on level 5 of the Pits of Slime)
 77530 | Zot:1    | Entered Level 1 of the Realm of Zot
 80043 | Zot:2    | Gained Spirok as an ally
 80447 | Zot:2    | Lost mutation: Your magical capacity is low. (-10% MP) [potion of mutation]
 80447 | Zot:2    | Lost mutation: Potions are less effective at restoring your health. [potion of mutation]
 80447 | Zot:2    | Gained mutation: You have an increased reservoir of magic. (+10% MP) [potion of mutation]
 80447 | Zot:2    | Gained mutation: You are somewhat resistant to further mutation. [potion of mutation]
 82130 | Zot:3    | Reached XP level 27. HP: 235/271 MP: 44/44
 84136 | Zot:4    | HP: 7/273 [quicksilver dragon (7)]
 84136 | Zot:4    | HP: 2/273 [death drake[a green draconian stormcaller] (5)]
 84139 | Zot:4    | Slain by a quicksilver dragon

Vault maps used:
D:1:      tarquinn_simple_flora_water_f
D:2:      old_standard_altar, first_ration, uniq_terence
D:4:      temple_fountains, kennysheep_decorative_pillar,
          yredelemnul_altar_generic
D:5:      lemuel_coloured_pillars_altar, okawaru_gym_becter
D:6:      nicolae_overflow_hidden_temple, minmay_misc_feat_enclosed
D:7:      nicolae_ossuary_entry_catacombs
D:8:      overflow_temple_1_default
D:9:      kennysheep_mini_moat, minitemple, old_standard_altar,
          lair_entry_dummy, david_orc_5, blue_anna_alchemist
D:10:     serial_bayou_lake_a, uniq_psyche
D:11:     lemuel_tele_altar
D:12:     lemuel_nasty_fountain
D:13:     david_vaults_4, einodemon_barbed_minivault, uniq_sonja, uniq_erolcha,
          uniq_maurice, uniq_azrael, uniq_josephine
D:14:     nicolae_sextant
D:15:     hangedman_depths_entry_try_elsewhere_first, roderic_roman_lattice,
          lab_entry_generic, uniq_nessos
Lair:1:   special_room, beast_lair_carwin_5
Lair:2:   minmay_swamp_entry_worms, guppyfry_snake_entry_garden
Lair:3:   uniq_rupert
Lair:4:   basic_altar, grunt_megastairs_4
Lair:5:   slime_altar_1, lookout_lair_type, minivault_26, disabler_island,
          serial_bayou_shore_b
Lair:6:   minmay_lair_end_enchanted_forest, enter_volcano_4
Swamp:1:  serial_swamp_ruin, evilmike_swamp_ruin_house_4,
          evilmike_swamp_ruin_rubble_1, swamp_pool5
Swamp:2:  evilmike_swamp_ruin_house_2, swamp_pool2, nicolae_swamp_baby_hydras
Swamp:3:  nicolae_swamp_stair_fork
Swamp:4:  grunt_swamp_rune_castle
Snake:1:  basic_altar
Snake:2:  basic_altar
Snake:3:  st_stairs_6
Snake:4:  minmay_snake_end_coiled, serial_shops, shop, nicolae_shop_stone,
          nicolae_shop_stone, nicolae_shop_waterfront
Slime:2:  cheibrodos_slime_lost_civilization_3
Slime:3:  cheibrodos_slime_lost_civilization_4
Orc:1:    serial_shops, nicolae_shop_stone, bh_open_orc_temple
Orc:2:    st_orc_rangers, nicolae_orc_lava_tube
Elf:1:    elf_arrival_001, serial_shops, shop, minmay_elf_demonology,
          small_statue_intersection, minivault_19, uniq_roxanne
Elf:2:    serial_sigils_hangedman_scratch, uniq_donald
Vaults:1: ontoclasm_vaults_misaligned, nicolae_vaults_little_ls, v_misc_4,
          ontoclasm_vaults_hangar, v_misc_23, nicolae_vaults_puzzle_piece,
          hangedman_vaults_capsules, v_misc_4, vaults_mumra_hex,
          vaults_room_door_ring, serial_shops, nicolae_shop_stone
Vaults:2: v_misc_10, blue_anna_dwarven_crypt, v_alt_pattern_5,
          nicolae_vaults_three_branches, v_misc_16, v_misc_31, v_pattern_5,
          ontoclasm_vaults_twist, grunt_vaults_twisty, grunt_vaults_diagonal,
          nicolae_vaults_little_squares_3, serial_shops, nicolae_shop_crystal
Vaults:3: v_misc_12, vaults_room_ringed_pool, v_misc_22,
          hangedman_vaults_river_flow, nicolae_vaults_diagonal_hallway_8,
          v_misc_9, ontoclasm_vaults_pinch, serial_ice_m, v_misc_17, st_lines,
          v_misc_18, vaults_room_semicircle
Vaults:4: nicolae_vaults_shelves_hall, hangedman_vaults_locks, v_misc_30,
          nicolae_vaults_specimen_jars, uniq_saint_roka, uniq_margery
Crypt:1:  item_on_display_a, grunt_crypt_arrival_webbed, uniq_sojobo, uniq_jory
Crypt:2:  nicolae_crypt_ancient_font, eino_tiny_chamber, minivault_26
Crypt:3:  cryptofortress_bobbens
Depths:1: rand_demon_pan_entry_4, grunt_hell_horde, kennysheep_cluttered_room,
          nrook_mini_backslash, kennysheep_doodads, minmay_misc_feat_alley,
          hangedman_abyss_or_decor_stagger, minivault_11,
          kilobyte_mutagenic_chamber
Depths:2: hangedman_pleasuredromes, hell_entry
Depths:3: evilmike_silver_temple, rand_demon_pan_entry_3,
          grunt_hell_entry_dis_grunt, patterned_corridor,
          onia_ninara_dug_in_and_dangerous
Depths:4: hangedman_surveillance_ring, hangedman_abyss_entry_splay, hell_entry,
          columned_hall_lemuel, uniq_xtahua
Depths:5: grunt_crosshair, cheibriados_altar_1, serial_shops, bzr_firewalk,
          hell_entry
Zot:4:    lemuel_draconian_sentries
Abyss:3:  evilmike_abyss_exit_5, evilmike_abyss_rune_elephants_shrine
Bazaar:   bazaar_jpeg_honeycomb
Ossuary:  ossuary_tomb_3

Skill      XL: |  1  2  3  4  5  6  7  8  9 10 11 12 13 14 15 16 17 18 19 20 21 22 23 24 25 26 27 |
---------------+----------------------------------------------------------------------------------+-----
Armour         | 1 2 3 5 6 7 8 9 10 11 12 13 14 15 16 17 18 20 | 20.2
Fighting       | 4 5 6 7 9 10 11 12 13 14 15 16 17 18 19 20 21 22 24 25 | 25.1
Maces & Flails | 4 5 6 8 9 10 12 13 14 16 17 18 19 20 21 22 23 24 26 | 26.7
Dodging        | 3 4 5 6 7 9 11 12 | 12.0
Invocations    | 2 4 6 7 9 10 11 13 14 15 16 17 18 19 20 21 22 24 25 26 | 26.4
Evocations     | 1 4 5 |  5.0
Shields        | 3 4 |  4.0
Stealth        | |  1.5

Action                   |  1- 3 |  4- 6 |  7- 9 | 10-12 | 13-15 | 16-18 | 19-21 | 22-24 | 25-27 || total
-------------------------+-------+-------+-------+-------+-------+-------+-------+-------+-------++-------
Melee: Mace              |    32 |       |       |       |       |       |       |       |       ||    32
       Whip              |   106 |    43 |       |       |       |       |       |       |       ||   149
       Morningstar       |       |   182 |   474 |    91 |       |       |       |       |       ||   747
       Flail             |       |       |       |   476 |  1305 |  1955 |  1854 |       |       ||  5590
       Demon whip        |       |       |       |       |       |       |   225 |   471 |       ||   696
       Sacred scourge    |       |       |       |       |       |       |       |  1426 |  1373 ||  2799
Invok: Convert to Beogh  |       |       |     1 |       |       |       |       |       |       ||     1
       Smiting           |       |       |     2 |    10 |    20 |    22 |    45 |    42 |    45 ||   186
       Recall Orcish Fol |       |       |       |     3 |     5 |     7 |     3 |     1 |     3 ||    22
       Give Item to Name |       |       |       |       |     2 |     1 |     4 |     2 |     2 ||    11
       Resurrection      |       |       |       |       |       |     1 |       |       |       ||     1
 Abil: Evoke Blink       |       |       |       |       |     1 |     6 |     1 |       |       ||     8
Evoke: Wand              |       |     1 |     6 |     4 |     3 |    19 |    11 |    43 |     3 ||    90
       Box of beasts     |       |       |       |       |       |       |       |     1 |     1 ||     2
       Phantom mirror    |       |       |       |       |       |       |       |     1 |       ||     1
  Use: Scroll            |     2 |     5 |     5 |     9 |    15 |    18 |    19 |    12 |    14 ||    99
       Potion            |     4 |     2 |       |     3 |       |     2 |    17 |    12 |    12 ||    52
 Stab: Sleeping          |     2 |       |       |       |       |       |       |       |       ||     2
       Paralysed         |       |     6 |     7 |       |     3 |     3 |       |    10 |     4 ||    33
       Distracted        |       |       |     2 |     3 |     4 |    11 |     9 |     3 |     6 ||    38
       Confused          |       |       |       |     1 |     1 |     8 |     3 |       |       ||    13
       Petrified         |       |       |       |       |     3 |       |       |       |       ||     3
       Invisible         |       |       |       |       |       |       |       |       |     7 ||     7
  Eat: Chunk             |     1 |     7 |     7 |    15 |    21 |    24 |    23 |    21 |     9 ||   128
       Ration            |       |       |     3 |     4 |     4 |    10 |     6 |     7 |     9 ||    43
Armor: Robe              |     8 |       |       |       |       |       |       |       |       ||     8
       Ring mail         |    53 |       |       |       |       |       |       |       |       ||    53
       Skin              |     5 |    21 |       |       |       |       |       |       |       ||    26
       Scale mail        |       |    88 |   167 |   167 |       |       |       |       |       ||   422
       Plate armour      |       |       |       |    59 |   785 |  1563 |   959 |   854 |   682 ||  4902
       Gold dragon scale |       |       |       |       |       |       |       |       |   184 ||   184
Dodge: Dodged            |   106 |   260 |   368 |   490 |   578 |  1149 |   904 |   655 |   541 ||  5051
Block: Buckler           |       |       |       |       |   299 |   715 |   616 |   389 |   360 ||  2379

Table legend:
 A = Spawn XP
 B = Non-spawn XP
 C = Spawn XP percentage of total XP
 D = Spawn monster count
 E = Non-spawn monster count
 F = Spawn count percentage of total count
 G = Total turns spent on level
                    A         B        C        D         E        F      G
               +---------+---------+-------+---------+---------+-------+---------
         Total |    9745 | 1281986 |   0.8 |      18 |    2214 |   0.8 | 84139
               +---------+---------+-------+---------+---------+-------+---------
           D:1 |       0 |      36 |   0.0 |       0 |      19 |   0.0 |   925
           D:2 |       0 |     167 |   0.0 |       0 |      25 |   0.0 |  1216
           D:3 |       0 |     301 |   0.0 |       0 |      31 |   0.0 |   725
           D:4 |       0 |     154 |   0.0 |       0 |      13 |   0.0 |  1139
           D:5 |       0 |     513 |   0.0 |       0 |      17 |   0.0 |  1306
           D:6 |       0 |    2011 |   0.0 |       0 |      32 |   0.0 |  1272
           D:7 |       0 |    1165 |   0.0 |       0 |      33 |   0.0 |  1354
           D:8 |       0 |    1204 |   0.0 |       0 |      24 |   0.0 |   872
           D:9 |       0 |    1392 |   0.0 |       0 |      22 |   0.0 |  1950
          D:10 |       0 |    3431 |   0.0 |       0 |      26 |   0.0 |   940
          D:11 |       0 |    1463 |   0.0 |       0 |      15 |   0.0 |   711
          D:12 |       0 |    2117 |   0.0 |       0 |      11 |   0.0 |   707
          D:13 |       0 |   29986 |   0.0 |       0 |      72 |   0.0 |  2739
          D:14 |       0 |    7873 |   0.0 |       0 |      26 |   0.0 |   864
          D:15 |       0 |   19828 |   0.0 |       0 |      40 |   0.0 |  2032
        Lair:1 |       0 |    3871 |   0.0 |       0 |      38 |   0.0 |  1295
        Lair:2 |       0 |    8947 |   0.0 |       0 |      38 |   0.0 |  1592
        Lair:3 |       0 |    7751 |   0.0 |       0 |      38 |   0.0 |  1071
        Lair:4 |       0 |    3397 |   0.0 |       0 |      11 |   0.0 |  1251
        Lair:5 |       0 |    5669 |   0.0 |       0 |      25 |   0.0 |  1293
        Lair:6 |       0 |   18179 |   0.0 |       0 |      97 |   0.0 |  1768
       Swamp:1 |       0 |   14445 |   0.0 |       0 |      26 |   0.0 |  1167
       Swamp:2 |       0 |   19213 |   0.0 |       0 |      34 |   0.0 |  1224
       Swamp:3 |       0 |   16618 |   0.0 |       0 |      23 |   0.0 |  1863
       Swamp:4 |       0 |   22539 |   0.0 |       0 |      55 |   0.0 |  1656
       Snake:1 |       0 |   13983 |   0.0 |       0 |      28 |   0.0 |  1500
       Snake:2 |       0 |    9706 |   0.0 |       0 |      20 |   0.0 |  1270
       Snake:3 |       0 |   10566 |   0.0 |       0 |      21 |   0.0 |  1137
       Snake:4 |       0 |   37839 |   0.0 |       0 |      96 |   0.0 |  2547
       Slime:1 |       0 |    9346 |   0.0 |       0 |      13 |   0.0 |   603
       Slime:2 |       0 |   12584 |   0.0 |       0 |      13 |   0.0 |   308
       Slime:3 |       0 |   10623 |   0.0 |       0 |      26 |   0.0 |   489
       Slime:4 |       0 |    8233 |   0.0 |       0 |      13 |   0.0 |  1363
       Slime:5 |       0 |   60415 |   0.0 |       0 |      58 |   0.0 |  2016
         Orc:1 |       0 |    4041 |   0.0 |       0 |      11 |   0.0 |   754
         Orc:2 |       0 |    3180 |   0.0 |       0 |      31 |   0.0 |   674
         Elf:1 |       0 |   26487 |   0.0 |       0 |      40 |   0.0 |  1250
         Elf:2 |       0 |   33600 |   0.0 |       0 |      44 |   0.0 |  1240
      Vaults:1 |       0 |   37945 |   0.0 |       0 |      63 |   0.0 |  1778
      Vaults:2 |       0 |   67146 |   0.0 |       0 |     119 |   0.0 |  3167
      Vaults:3 |       0 |   33103 |   0.0 |       0 |      52 |   0.0 |  1913
      Vaults:4 |       0 |   62469 |   0.0 |       0 |      89 |   0.0 |  1974
       Crypt:1 |       0 |   55387 |   0.0 |       0 |      57 |   0.0 |  1303
       Crypt:2 |       0 |   26512 |   0.0 |       0 |      35 |   0.0 |   916
       Crypt:3 |       0 |   65541 |   0.0 |       0 |      92 |   0.0 |  1626
      Depths:1 |       0 |   65128 |   0.0 |       0 |     110 |   0.0 |  6036
      Depths:2 |       0 |   41370 |   0.0 |       0 |      45 |   0.0 |  1795
      Depths:3 |       0 |   92295 |   0.0 |       0 |      88 |   0.0 |  3462
      Depths:4 |       0 |   32282 |   0.0 |       0 |      51 |   0.0 |  1459
      Depths:5 |       0 |   96998 |   0.0 |       0 |      64 |   0.0 |  3378
         Zot:1 |       0 |   47872 |   0.0 |       0 |      30 |   0.0 |  1850
         Zot:2 |       0 |   42305 |   0.0 |       0 |      28 |   0.0 |  1114
         Zot:3 |       0 |   62013 |   0.0 |       0 |      44 |   0.0 |  2650
         Zot:4 |       0 |   15780 |   0.0 |       0 |      14 |   0.0 |   660
       Abyss:3 |    9745 |    4813 |  66.9 |      18 |      12 |  60.0 |   591
       Ossuary |       0 |     154 |   0.0 |       0 |      16 |   0.0 |   293
               +---------+---------+-------+---------+---------+-------+---------
